 Dungeon Crawl Stone Soup version 0.30-a0-605-gb2882149bf (webtiles) character file.

Game seed: 9541193374646312539

64 OTABOTABOTAB the Conjurer (level 3, 0/42 HPs)
             Began as a Deep Elf Conjurer on Jan 8, 2023.
             Succumbed to Ijyb's poison
             ... on level 2 of the Dungeon.
             The game lasted 00:02:26 (1903 turns).

OTABOTABOTAB the Conjurer (Deep Elf Conjurer)       Turns: 1903, Time: 00:02:26

Health: 0/42       AC: 21    Str:  4    XL:     3   Next: 91%
Magic:  0/10       EV:  2    Int: 24    God:
Gold:   68         SH:  0    Dex: 13    Spells: 7/10 levels left

rFire   . . .      SeeInvis .    c - +0 dagger
rCold   . . .      Faith    .    (no shield)
rNeg    . . .      Spirit   .    (body armour currently unavailable)
rPois   +          Reflect  .    (helmet currently unavailable)
rElec   .          Harm     .    (cloak currently unavailable)
rCorr   .          Rampage  .    (gloves currently unavailable)
Will    .....      NoTele   +    (boots currently unavailable) Stlth
                                 (no amulet)
HPRegen 0.27/turn                (no ring)
MPRegen 0.12/turn                (no ring)

@: berserking, lethally poisoned (0 -> -12), tree-form, very quick
A: stationary, stasis, torment immunity, boosted hp
a: no special abilities


You were on level 2 of the Dungeon.
You were a tree.
You visited 1 branch of the dungeon, and saw 2 of its levels.

You collected 68 gold pieces.

Inventory:

Hand Weapons
 c - a +0 dagger (weapon)
   (You took it off a kobold on level 1 of the Dungeon)
Missiles
 k - 4 poisoned darts
 s - 18 stones
Armour
 a - a +0 robe (melded)
Jewellery
 f - a ring of fire {rF+, rC-}
   (You found it on level 1 of the Dungeon)
Scrolls
 e - a scroll of summoning {unknown}
 g - 4 scrolls of identify {unknown}
 h - 2 scrolls of torment {unknown}
 l - a scroll of vulnerability {unknown}
 m - a scroll of teleportation {unknown}
 p - a scroll of noise {unknown}
 q - a scroll of poison {unknown}
Potions
 d - a potion of might {unknown}
 n - a potion of resistance {unknown}
 o - a potion of haste {unknown}
 r - a potion of degeneration {unknown}
 P - a potion of lignification {!q}
 T - a potion of berserk rage {!q}


   Skills:
 - Level 2.4 Dodging
 - Level 2.4 Stealth
 + Level 4.0 Spellcasting
 * Level 5.6 Conjurations


You had 7 spell levels left.
You knew the following spells:

 Your Spells              Type           Power      Damage    Failure   Level
a - Magic Dart            Conj           100%       1d8       1%          1
b - Searing Ray           Conj           64%        2d6       1%          2

Your spell library contained the following spells:

 Spells                   Type           Power      Damage    Failure   Level
 Dazzling Flash           Conj/Hex       36%        N/A       9%          3
 Ensorcelled Hibernation  Hex/Ice        8%         N/A       14%         2
 Passwall                 Tmut/Erth      3%         N/A       14%         2
 Swiftness                Air            4%         N/A       28%         3
 Fulminant Prism          Conj/Hex       9%         3d7       30%         4
 Iskenderun's Mystic Bla  Conj/Tloc      18%        2d6       30%         4


Dungeon Overview and Level Annotations

Branches:
Dungeon (2/15)

Altars:

Annotations:
D:2 Ijyb


Message History

(Press . to maintain the ray.) Ijyb misses you.
You now have 8/10 mp.
The searing ray hits Ijyb but does no damage.
Ijyb hits you with a +2 dagger of venom.
You are poisoned.
You take 3 damage, and have 10/19 hp.
You now have 7/10 mp.
The searing ray hits Ijyb.
You feel sick. Ijyb barely misses you.
You take 2 damage, and have 8/19 hp.
You now have 6/10 mp.
The searing ray misses Ijyb.
You finish channelling your searing ray.
You feel sick.
Ijyb zaps a wand.
Your mind is blasted!
* * * LOW HITPOINT WARNING * * *
You take 3 damage, and have 5/19 hp.
You now have 5/10 mp.
You feel better. Ijyb closely misses you.
You regained 11 hp, and now have 16/19 hp.
Aim: Ijyb, wielding a +2 dagger of venom, wearing a +0 scale mail and carrying a wand of mindburst (10) (moderately wounded, 100% to hit)
The magic dart hits Ijyb.
Ijyb hits you with a +2 dagger of venom.
You are poisoned.
You take 2 damage, and have 14/19 hp.
You now have 5/10 mp.
Aim: Ijyb, wielding a +2 dagger of venom, wearing a +0 scale mail and carrying a wand of mindburst (10) (moderately wounded, 78% to hit)
You miscast Searing Ray.
You are very lightly contaminated with residual magic.
Nothing appears to happen.
You feel sick. Ijyb closely misses you.
You take 2 damage, and have 12/19 hp.
You now have 3/10 mp.
You feel sick.
Ijyb hits you with a +2 dagger of venom!
* * * LOW HITPOINT WARNING * * *
You are more poisoned.
You take 9 damage, and have 3/19 hp.
MASSIVE DAMAGE!!
You feel better.
Ijyb hits you with a +2 dagger of venom.
You are poisoned.
You regained 5 hp, and now have 8/19 hp.
You feel better. Ijyb closely misses you.
Health restored: 19
Aim: Ijyb, wielding a +2 dagger of venom, wearing a +0 scale mail and carrying a wand of mindburst (10) (moderately wounded, 78% to hit)
The searing ray hits Ijyb. (Press . to maintain the ray.) Ijyb barely misses you.
You now have 1/10 mp.
The searing ray hits Ijyb!
Ijyb misses you.
You now have 0/10 mp.
Without enough magic to sustain it, your searing ray dissipates.
Ijyb hits you but does no damage.
You are poisoned.
Your magical contamination has completely faded away.
You feel sick.
Ijyb screams, "Die!"
Ijyb zaps a wand.
You barely resist.
You take 2 damage, and have 17/19 hp.
You don't have enough magic to cast this spell.
You don't have enough magic to cast this spell.
Okay, then.
Aim: Ijyb, wielding a +2 dagger of venom, wearing a +0 scale mail and carrying a wand of mindburst (9) (almost dead, 100% to hit)
The magic dart hits Ijyb but does no damage.
You feel sick. Ijyb closely misses you.
You take 1 damage, and have 16/19 hp.
You now have 0/10 mp.
Okay, then.
You hit Ijyb but do no damage.
You feel sick.
Ijyb hits you with a +2 dagger of venom.
You are more poisoned.
You take 5 damage, and have 11/19 hp.
MASSIVE DAMAGE!!
Okay, then.
You aren't carrying any items that you can evoke.
Unknown command.
Okay, then.
It was a potion of lignification.
You turn into a tree.
Your +0 robe melds into your body.
Your roots penetrate the ground.
P - a potion of lignification You feel sick.
Ijyb zaps a wand.
Your mind is blasted!
You now have 9/28 hp.
You hit Ijyb but do no damage.
* * * LOW HITPOINT WARNING * * *
You feel sick. Ijyb hits you but does no damage.
You take 2 damage, and have 7/28 hp.
You hit Ijyb but do no damage.
* * * LOW HITPOINT WARNING * * *
You feel sick. Ijyb hits you but does no damage.
You take 2 damage, and have 5/28 hp.
You hit Ijyb but do no damage.
* * * LOW HITPOINT WARNING * * *
You feel sick.
Ijyb hits you with a +2 dagger of venom.
* * * LOW HITPOINT WARNING * * *
You are more poisoned.
You take 4 damage, and have 1/28 hp.
It was a potion of berserk rage.
A red film seems to cover your vision as you go berserk!
You feel yourself moving faster!
You feel mighty!
T - a potion of berserk rage You die...

.#......g. .#.......g ........g
........g #.....)g. ### #####
#...8.8.8 ##.# ....#### #.# #...
.......# #)##### ####.#
.##.##.######.)g♣.# #....#
.##........######.## #.####
.##.....##.# #...# #.#
.###.#..##.# #...# #.#
........##.# #...# ######.####
####..####.# #...# #..........
......####.#####...####.###..####
###.......†.............###..####
..#.#.....†......................


You could see Ijyb.

Vanquished Creatures
  An adder (D:2)
  A dart slug (D:1)
  3 endoplasms (D:1)
  8 giant cockroaches
  7 goblins
  4 hobgoblins
  7 jackals
  A quokka (D:2)
  A ball python (D:1)
  3 bats
  A frilled lizard (D:1)
  5 kobolds
  5 rats (D:1)
47 creatures vanquished.

Notes
Turn   | Place    | Note
-------+----------+-------------------------------------------
     0 | D:1      | OTABOTABOTAB the Deep Elf Conjurer began the quest for the
                  | Orb.
     0 | D:1      | Reached XP level 1. HP: 10/10 MP: 6/6
   231 | D:1      | Reached XP level 2. HP: 15/15 MP: 0/8
   589 | D:1      | Reached skill level 5 in Conjurations
  1115 | D:2      | Found a faded altar of an unknown god.
  1222 | D:2      | Reached XP level 3. HP: 19/19 MP: 7/10
  1753 | D:2      | Reached skill level 4 in Spellcasting
  1863 | D:2      | Noticed Ijyb
  1870 | D:2      | Learned a level 2 spell: Searing Ray
  1875 | D:2      | HP: 4/19 [disintegration (9)]
  1880 | D:2      | HP: 3/19 [Ijyb/+2 dagger of venom (4)]
  1890 | D:2      | HP: 3/19 [Ijyb/+2 dagger of venom (8)]
  1900 | D:2      | HP: 7/28 [poisoned by Ijyb]
  1902 | D:2      | HP: 1/28 [Ijyb/+2 dagger of venom (3)]
  1903 | D:2      | Succumbed to Ijyb's poison

Illustrated notes

Levels and vault maps discovered:
D:1:      mrwooster_arrival_statue_2, layout_loops_ring, minmay_tromino_v4_a
D:2:      kennysheep_the_goblin_king, layout_loops_cross,
          chequers_ecumenical_altar_simple_redux, minmay_worlds_worst_comb

Skill      XL: |  1  2  3 |
---------------+----------+-----
Conjurations   | 5 |  5.6
Spellcasting   | 4 |  4.0
Dodging        | |  2.4
Stealth        | |  2.4

Action                   || total
-------------------------++-------
Melee: Unarmed           ||     1
       Dagger            ||    22
       Punch             ||     1
 Cast: Magic Dart        ||    83
       Searing Ray       ||     5
  Use: Potion            ||     8
Armor: Robe              ||     4
       Skin              ||     2
Dodge: Dodged            ||    32

Table legend: (Time is in decaauts)
 A = Elapsed time spent in this place.
 B = Non-inter-level travel time spent in this place.
 C = Inter-level travel time spent in this place.
 D = Time resting spent in this place.
 E = Time spent auto-exploring this place.
 F = Levels seen in this place.
 G = Mean time per level.
                   A        B        C        D        E       F      G
               +--------+--------+--------+--------+--------+-----+--------+
         Total |   1902 |   1891 |     11 |      0 |   1674 |   2 |  951.0 |
       Dungeon |   1902 |   1891 |     11 |      0 |   1674 |   2 |  951.0 |
               +--------+--------+--------+--------+--------+-----+--------+

Top non-repeatable levels by time:
     D:1: 1106 daAuts
     D:2: 795 daAuts

Table legend:
 A = Kills in this place as a percentage of kills in entire the game.
 B = Kills by you in this place as a percentage of kills by you in the entire game.
 C = Kills by friends in this place as a percentage of kills by friends in the entire game.
 D = Other kills in this place as a percentage of other kills in the entire game.
 E = Experience gained in this place as a percentage of experience gained in the entire game.
 F = Experience gained in this place divided by the number of levels of this place that you have seen.
                   A       B       C       D       E      F
               +-------+-------+-------+-------+-------+----------------------
         Total | 100.0 | 100.0 |   N/A |   N/A | 100.0 |  46.0
       Dungeon | 100.0 | 100.0 |   N/A |   N/A | 100.0 |  46.0
               +-------+-------+-------+-------+-------+----------------------
